 Dungeon Crawl Stone Soup version 0.32-a0-909-gc671339a80 (webtiles) character file.

Game seed: 13577699669267075954

158 P0WERM0DE the Trooper (level 5, 0/43 HPs)
             Began as a Coglin Chaos Knight on Apr 7, 2024.
             Was a Plaything of Xom.
             Slain by a +0 short sword (17 damage)
             ... animated by Xom
             ... in a sewer.
             The game lasted 00:01:08 (1209 turns).

P0WERM0DE the Trooper (Coglin Chaos Knight)         Turns: 1209, Time: 00:01:09

Health: 0/43       AC:  5    Str: 13    XL:     5   Next: 39%
Magic:  5/5        EV: 10    Int: 13    God:    Xom [....*.]
Gold:   121        SH:  0    Dex: 13    Spells: 4/4 levels left

rFire   . . .        h - +6 lajatang (chaos) {Thoko}
rCold   . . .        (shield currently unavailable)
rNeg    . . .        b - +2 leather armour
rPois   .            (no helmet)
rElec   .            (no cloak)
rCorr   .            (no gloves)
SInv    .            (no boots)
Will    .....        (amulet unavailable)
Stlth   +            (ring unavailable)
HPRegen 0.27/turn    (ring unavailable)
MPRegen 0.09/turn    (no gizmo)

%: no passive effects
@: very slow
A: off-hand wielding, slow wielding, warmup strikes, no jewellery
a: Invent Gizmo, Renounce Religion


You were in a sewer.
You worshipped Xom.
You were a beloved toy of Xom.
You visited 1 branch of the dungeon, and saw 3 of its levels.
You also visited: Sewer.

You collected 121 gold pieces.

Inventory:

Hand Weapons
 a - a +0 hand axe of chaos {Esteban}
 d - a +0 dagger {Rafael}
 h - a +6 lajatang of chaos (weapon) {Thoko}
   (Xom gifted it to you on level 2 of the Dungeon)
Armour
 b - a +2 leather armour (worn)
Scrolls
 c - a scroll of butterflies
 g - a scroll of identify {unknown}
 i - a scroll of enchant armour {unknown}
Potions
 e - a potion of degeneration {unknown}
 f - a potion of curing {unknown}


   Skills:
 * Level 4.6 Fighting
 * Level 4.6 Axes
 - Level 1.7 Armour
 - Level 0.8 Dodging


You had 4 spell levels left.
You didn't know any spells.
Your spell library was empty.

Dungeon Overview and Level Annotations

Branches:
Dungeon (3/15)              Sewer (1/1)

Altars:


Innate Abilities, Weirdness & Mutations

You can wield a second weapon in your off-hand.
It takes a long time for you to wield or remove held weapons.
Your first few attacks do less damage.
You cannot equip rings or amulets.


Message History

You swap places.
There is a broken door here.
As you open the door, it creaks loudly!
You open the door.
A giant cockroach comes into view.
Found 16 gold pieces.
You swap places.
The giant cockroach bites you.
Your +0 short sword hits the giant cockroach!
The giant cockroach dies!
You open the door.
A giant cockroach comes into view.
You slash the giant cockroach! You freeze the giant cockroach.
You kill the giant cockroach!
There is an open door here.
You see here a giant cockroach corpse.
You now have 121 gold pieces (gained 16).
You swap places.
There is an open door here.
You see here a giant cockroach corpse.
You enter the shallow water.
Moving in this stuff is going to be slow. "Go forth and redecorate, my child!"
Your +0 short sword is engulfed in seething chaos. x2
Your +0 short sword seems to speed up.
Your +0 short sword is engulfed in seething chaos.
The acid corrodes your +0 short sword!
Your +0 short sword is engulfed in seething chaos. x2
Nothing appears to happen.
The +0 short sword hits you!!
A shower of butterflies erupts from you!
You swap places.
The +0 short sword is engulfed in seething chaos.
The +0 short sword hits your butterfly!
Your butterfly dies!
Your butterfly disappears in a puff of smoke!
The +0 short sword is engulfed in seething chaos. x2
The +0 short sword closely misses you.
The +0 short sword is engulfed in seething chaos.
The +0 short sword hits you!
You die...
Xom yawns loudly!

###### #∩##[# .#
#.##.# .#
#+##+##)##'##+##'#
.................#
~~~~~~~.~~~~~~~~~#
≈≈≈≈≈≈≈∩≈≈≈≈≈≈≈≈≈#
~~~~~~~.@(§§~~~~~#
......)..b.......#
#+##'##'##'##†##†#
#. #.##.##.# .# #.
#.##.##.# .#
######### ##


You could see a +0 short sword (fast, corroded, ally target).

Vanquished Creatures
  A dart slug (D:3)
  A ribbon worm (D:3)
  An orc (D:3)
  5 bats
  3 endoplasms
  4 giant cockroaches
  6 goblins
  2 hobgoblins
  3 jackals (D:2)
  4 kobolds
  5 quokkas
  3 ball pythons
  2 frilled lizards (D:1)
  7 rats
47 creatures vanquished.

Vanquished Creatures (collateral kills)
  Pargi (Sewer)
  A giant cockroach (Sewer)
  3 kobolds (Sewer)
5 creatures vanquished.

Grand Total: 52 creatures vanquished

Notes
Turn   | Place    | Note
-------+----------+-------------------------------------------
     0 | D:1      | P0WERM0DE the Coglin Chaos Knight began the quest for the
                  | Orb.
     0 | D:1      | Reached XP level 1. HP: 18/18 MP: 1/1
    12 | D:1      | XOM: potion effect (might)
   142 | D:1      | Reached XP level 2. HP: 24/24 MP: 2/2
   214 | D:1      | XOM: silly message
   481 | D:1      | Found a faded altar of an unknown god.
   581 | D:1      | XOM: silly message
   714 | D:2      | Reached XP level 3. HP: 29/29 MP: 3/3
   915 | D:2      | XOM: god gift: +6 lajatang of chaos
  1023 | D:3      | XOM: scenery: summon butterflies
  1153 | D:3      | Found a glowing drain.
  1164 | Sewer    | Entered a sewer
  1164 | Sewer    | Noticed Pargi
  1169 | Sewer    | Reached XP level 4. HP: 33/37 MP: 4/4
  1172 | Sewer    | Killed Pargi
  1173 | Sewer    | Reached XP level 5. HP: 28/43 MP: 5/5
  1206 | Sewer    | XOM: cloud trail
  1208 | Sewer    | XOM: butterfly on damage
  1209 | Sewer    | Slain by a +0 short sword

Illustrated notes

Levels and vault maps discovered:
D:1:      psy_arrival_spokes, layout_basic, ebering_ecumenical_altar_webs
D:2:      layout_loops_ring
D:3:      layout_loops_ring, mainiacjoe_overflow_alcove_4, lemuel_round_altar,
          portal_sewer_entry_f, serial_shops, shop, uniq_terence
Sewer:    kennysheep_door_sewer

Skill      XL: |  1  2  3  4 |
---------------+-------------+-----
Fighting       | 4 |  4.6
Axes           | 4 |  4.6
Armour         | |  1.7
Dodging        | |  0.8

Action                     |  1- 3 |  4- 6 || total
---------------------------+-------+-------++-------
  Melee: Hand axe          |    65 |       ||    65
         Dagger            |    57 |       ||    57
         Lajatang          |    26 |     6 ||    32
 Armour: Leather armour    |    41 |    14 ||    55
  Dodge: Dodged            |    50 |     5 ||    55

Table legend: (Time is in decaauts)
 A = Elapsed time spent in this place.
 B = Non-inter-level travel time spent in this place.
 C = Inter-level travel time spent in this place.
 D = Time resting spent in this place.
 E = Time spent auto-exploring this place.
 F = Levels seen in this place.
 G = Mean time per level.
                   A        B        C        D        E       F      G
               +--------+--------+--------+--------+--------+-----+--------+
         Total |   1228 |   1133 |     95 |      0 |    784 |   4 |  307.0 |
       Dungeon |   1180 |   1085 |     95 |      0 |    784 |   3 |  393.3 |
         Sewer |     48 |     48 |      0 |      0 |      0 |   1 |   48.0 |
               +--------+--------+--------+--------+--------+-----+--------+

Top non-repeatable levels by time:
     D:1: 631 daAuts
     D:2: 354 daAuts
     D:3: 194 daAuts
   Sewer: 48 daAuts
